 Dungeon Crawl Stone Soup version 0.19-a0-734-ge18daf0 (webtiles) character file.

19979 HAL9000 the Bludgeoner (level 12, -10/122 HPs)
             Began as an Ogre Hunter on June 22, 2016.
             Was a Priest of Trog.
             Mangled by a seven-headed hydra (13 damage)
             ... on level 2 of the Lair of Beasts.
             The game lasted 00:42:30 (19178 turns).

HAL9000 the Bludgeoner (Ogre Hunter)               Turns: 19178, Time: 00:42:30

Health: -10/122    AC:  7    Str: 31    XL:     12   Next: 74%
Magic:  12/12      EV: 11    Int: 10    God:    Trog [***...]
Gold:   724        SH:  2    Dex: 13    Spells: 0 memorised, 11 levels left

rFire  . . .     SeeInvis .     H - +0 giant club
rCold  + . .     Gourm    .     Y - +1 robe {rC+}
rNeg   . . .     Faith    .     (shield currently unavailable)
rPois  .         Spirit   .     (helmet restricted)
rElec  .         Dismiss  .     I - +2 cloak
rCorr  .         Reflect  +     (gloves unavailable)
SustAt .         Harm     .     (boots unavailable)
MR     +....                    C - +2 amulet of reflection
Stlth  ++........               x - +5 ring of strength
                                g - +5 ring of strength

@: somewhat resistant to hostile enchantments, unstealthy
A: unfitting armour, blurry vision 1, tough skin 1
a: Berserk, Trog's Hand, Burn Spellbooks, Renounce Religion


You were on level 2 of the Lair of Beasts.
You worshipped Trog.
Trog was most pleased with you.
You were not hungry.

You visited 3 branches of the dungeon, and saw 14 of its levels.

You collected 724 gold pieces.

Inventory:

Hand Weapons
 B - a +0 morningstar
 H - a +0 giant club (weapon)
Missiles
 t - 4 javelins (quivered)
 N - 7 tomahawks
 W - 5 poisoned tomahawks
Armour
 I - a +2 cloak (worn)
 J - a +2 shield
 Y - a +1 robe of cold resistance (worn)
Rods
 P - a +0 iron rod (11/11)
   (You found it on level 11 of the Dungeon)
 T - a +1 rod of inaccuracy (11/11)
   (You found it on level 9 of the Dungeon)
Jewellery
 g - a +5 ring of strength (left hand)
 x - a +5 ring of strength (right hand)
 y - an uncursed ring of magical power
 C - a +2 amulet of reflection (around neck)
 G - an uncursed ring of protection from cold
 K - an uncursed ring of protection from fire
Wands
 D - a wand of flame (20/48)
 F - a wand of paralysis (8/24)
 Q - a wand of lightning (15/15)
Scrolls
 i - 2 scrolls of blinking
 m - 6 scrolls of identify
 n - 7 scrolls of amnesia
 o - 4 scrolls of teleportation
 r - 4 scrolls of remove curse
 u - 7 scrolls of magic mapping
 Z - a scroll of holy word
Potions
 k - 4 potions of curing
 A - a potion of invisibility
 L - a potion of haste
 M - 2 potions of brilliance
 S - 2 potions of cancellation
 U - a potion of might {unknown}
 X - 2 potions of lignification
Comestibles
 f - 11 bread rations
 p - 10 meat rations
 s - 6 beef jerkies
 z - a slice of pizza


   Skills:
 - Level 8.8 Fighting
 - Level 19.0 Maces & Flails
 - Level 6.2 Throwing
 - Level 5.0 Armour
 - Level 3.3 Dodging
 - Level 0.7 Stealth
 + Level 7.3 Shields


You had 11 spell levels left.
You didn't know any spells.

Dungeon Overview and Level Annotations

Branches:
Dungeon (11/15)            Temple (1/1) D:5            Lair (2/6) D:11
  Swamp: Lair:2-4    Shoals: Lair:2-4     Snake: Lair:2-4    Spider: Lair:2-4
    Orc: D:9-12

Altars:
Ashenzari
Cheibriados
Dithmenos
Elyvilon
Fedhas
Gozag
Hepliaklqana
Kikubaaqudgha
Makhleb
Nemelex Xobeh
Okawaru
Pakellas
Qazlal
Ru
Sif Muna
Trog
Uskayaw
Vehumet
Xom
Yredelemnul
Zin
The Shining One

Shops:
D:9 %


Innate Abilities, Weirdness & Mutations

You are too large for most types of armour.
You have tough skin. (AC +1)
Scrolls take you a little longer to read.


Message History

The seven-headed hydra is heavily wounded.
The seven-headed hydra bites you! x2; The seven-headed hydra misses you.
The seven-headed hydra bites you. x3
The seven-headed hydra barely misses you.
You sock the seven-headed hydra!
The seven-headed hydra is heavily wounded.
You sock the seven-headed hydra!
The seven-headed hydra is severely wounded.
The seven-headed hydra bites you but does no damage.
The seven-headed hydra barely misses you.
The seven-headed hydra bites you.
* * * LOW HITPOINT WARNING * * *
The seven-headed hydra bites you!
* * * LOW HITPOINT WARNING * * *
The seven-headed hydra bites you!
* * * LOW HITPOINT WARNING * * *
The seven-headed hydra bites you!
* * * LOW HITPOINT WARNING * * *
The seven-headed hydra bites you!
You die...

.............................
.............................
............................(
....$........................
.......(.............†.......
.........r...........†.#..#.#
.........t..........##.#..###
..........(......#.####...##
...........D@###P### ##...##
..####%######.#### ##..## .
## ## ##... ###. ##


You could see a seven-headed hydra, a crocodile and a river rat.

Vanquished Creatures
  Fannar (Lair:1)
  2 hydras
  A catoblepas (Lair:1)
  A tengu warrior (D:9)
  The ghost of tyrsky the Grappler, a novice DrTm of Cheibriados (D:7)
  A hill giant (D:11)
  A deep elf mage (D:11)
  2 ugly things
  A gargoyle (D:11)
  2 spiny frogs
  A centaur skeleton (D:11)
  2 komodo dragons (Lair:1)
  2 trolls
  8 blink frogs
  Grinder (D:4)
  A two-headed ogre (D:11)
  Sigmund (D:3)
  2 wyverns
  2 wraiths
  12 yaks
  A human (D:10)
  A hungry ghost (D:9)
  4 hippogriffs
  2 water moccasins (Lair:1)
  An ice beast (D:6)
  2 black bears
  2 sky beasts
  4 orc warriors
  6 wolves (Lair:1)
  6 ogres
  A necrophage (D:11)
  A phantom (D:9)
  9 centaurs
  3 crocodiles (Lair:1)
  15 giant frogs
  12 killer bees
  2 scorpions
  10 wights
  8 howler monkeys
  3 crimson imps
  A wasp zombie (D:9)
  2 giant frog zombies
  2 quasits
  4 hounds
  A centaur zombie (D:9)
  7 orc priests
  A jelly (D:9)
  5 giant frog skeletons
  4 iguanas
  Natasha (thrice) (D:3)
  6 orc wizards
  5 worker ants
  2 sheep (D:10)
  A worker ant zombie (D:9)
  5 gnolls
  2 howler monkey zombies (D:5)
  A howler monkey skeleton (D:11)
  18 adders
  19 river rats
  A shadow imp (D:10)
  2 oozes
  An adder zombie (D:5)
  A worm (D:2)
  2 dart slugs (D:2)
  4 giant geckos
  27 orcs
  10 giant cockroaches
  6 goblins
  9 hobgoblins
  12 jackals
  4 quokkas
  8 bats
  5 giant newts
  8 kobolds
  2 quokka skeletons
  2 quokka zombies
  9 rats
  2 plants
342 creatures vanquished.

Vanquished Creatures (others)
  2 orc wizards (D:6)
2 creatures vanquished.

Grand Total: 344 creatures vanquished

Notes
Turn   | Place    | Note
--------------------------------------------------------------
     0 | D:1      | HAL9000 the Ogre Hunter began the quest for the Orb.
     0 | D:1      | Reached XP level 1. HP: 22/22 MP: 1/1
   310 | D:1      | Reached XP level 2. HP: 8/31 MP: 2/2
   812 | D:1      | Reached skill level 1 in Maces & Flails
   940 | D:1      | Reached skill level 2 in Maces & Flails
   940 | D:1      | Reached XP level 3. HP: 22/37 MP: 3/3
  1170 | D:2      | HP: 1/37 [hobgoblin (2)]
  1572 | D:2      | Found an ancient bone altar of Kikubaaqudgha.
  1643 | D:2      | Reached skill level 3 in Maces & Flails
  1643 | D:2      | Reached XP level 4. HP: 36/48 MP: 4/4
  2087 | D:2      | HP: 1/48 [gnoll/spear (2)]
  2433 | D:2      | Reached skill level 4 in Maces & Flails
  2629 | D:2      | Reached XP level 5. HP: 17/55 MP: 5/5
  3699 | D:3      | Reached skill level 5 in Maces & Flails
  4132 | D:3      | Noticed Sigmund
  4134 | D:3      | Killed Sigmund
  4134 | D:3      | Reached skill level 5 in Fighting
  4134 | D:3      | Reached skill level 6 in Maces & Flails
  4134 | D:3      | Reached XP level 6. HP: 65/66 MP: 6/6
  4170 | D:3      | Found a radiant altar of Vehumet.
  4175 | D:3      | Found a deep blue altar of Sif Muna.
  4253 | D:3      | Noticed Natasha
  4260 | D:3      | Killed Natasha
  4296 | D:3      | Noticed Natasha
  4305 | D:3      | Killed Natasha
  4305 | D:3      | Reached XP level 7. HP: 28/72 MP: 7/7
  4744 | D:3      | Noticed Natasha
  4754 | D:3      | Killed Natasha
  4930 | D:3      | Reached skill level 7 in Maces & Flails
  5819 | D:4      | Reached skill level 8 in Maces & Flails
  6106 | D:4      | Noticed Grinder
  6118 | D:4      | Paralysed by Grinder for 7 turns
  6128 | D:4      | Killed Grinder
  6128 | D:4      | Reached skill level 9 in Maces & Flails
  6128 | D:4      | Reached XP level 8. HP: 14/83 MP: 8/8
  6918 | D:5      | Entered Level 5 of the Dungeon
  6993 | D:5      | Reached skill level 1 in Armour
  7231 | D:5      | Reached skill level 10 in Maces & Flails
  7261 | D:5      | Found a staircase to the Ecumenical Temple.
  7280 | D:5      | Found a sacrificial altar of Ru.
  7309 | Temple   | Entered the Ecumenical Temple
  7402 | Temple   | Became a worshipper of Trog the Wrathful
  8643 | D:6      | Reached skill level 11 in Maces & Flails
  8771 | D:6      | Reached XP level 9. HP: 77/89 MP: 9/9
  8814 | D:6      | Reached * piety under Trog
  9083 | D:6      | Reached skill level 12 in Maces & Flails
  9320 | D:7      | Noticed tyrsky's ghost (novice DrTm)
  9339 | D:7      | Killed tyrsky's ghost
  9339 | D:7      | Reached skill level 13 in Maces & Flails
  9830 | D:7      | Reached skill level 14 in Maces & Flails
 10015 | D:7      | Found a glowing golden altar of the Shining One.
 10095 | D:8      | Reached XP level 10. HP: 64/98 MP: 10/10
 10493 | D:8      | Found a burning altar of Makhleb.
 10563 | D:8      | Reached skill level 15 in Maces & Flails
 10920 | D:9      | Noticed a tengu warrior
 11365 | D:9      | Reached skill level 16 in Maces & Flails
 11379 | D:9      | Killed a tengu warrior
 11625 | D:9      | Identified a +1 rod of inaccuracy (11/11) (You found it on level 9 of the Dungeon)
 11774 | D:9      | Reached ** piety under Trog
 11774 | D:9      | Reached skill level 17 in Maces & Flails
 12122 | D:9      | Found Jouqif's Food Shop.
 12210 | D:10     | Entered Level 10 of the Dungeon
 12902 | D:10     | Reached XP level 11. HP: 96/105 MP: 11/11
 13322 | D:10     | Reached skill level 18 in Maces & Flails
 14009 | D:11     | Noticed a purple ugly thing
 14124 | D:11     | Reached skill level 19 in Maces & Flails
 14377 | D:11     | Noticed a brown ugly thing
 14422 | D:10     | Killed a purple ugly thing
 14610 | D:10     | Reached *** piety under Trog
 14614 | D:11     | Noticed a six-headed hydra
 14702 | D:10     | Killed a six-headed hydra
 14930 | D:11     | Killed a brown ugly thing
 14930 | D:11     | Reached skill level 5 in Throwing
 15348 | D:11     | Noticed a hill giant
 15352 | D:11     | Killed a hill giant
 15444 | D:11     | Found a staircase to the Lair.
 16032 | D:11     | Noticed a deep elf mage
 16038 | D:11     | Gained mutation: Scrolls take you a little longer to read. [a neqoxec]
 16044 | D:11     | Killed a deep elf mage
 16044 | D:11     | Reached XP level 12. HP: 104/122 MP: 12/12
 16105 | Lair:1   | Entered Level 1 of the Lair of Beasts
 16126 | Lair:1   | Reached skill level 5 in Armour
 16420 | Lair:1   | Reached skill level 1 in Shields
 16713 | Lair:1   | Found a hazy altar of Hepliaklqana.
 17045 | Lair:1   | Noticed Fannar
 17121 | Lair:1   | Killed Fannar
 17192 | Lair:1   | Noticed a catoblepas
 17559 | Lair:1   | Killed a catoblepas
 17628 | Lair:1   | Noticed a five-headed hydra
 17634 | Lair:1   | Killed a five-headed hydra
 17634 | Lair:1   | Reached skill level 5 in Shields
 18091 | Lair:2   | Reached **** piety under Trog
 18622 | Lair:2   | Received a gift from Trog
 19165 | Lair:2   | Noticed a seven-headed hydra
 19178 | Lair:2   | HP: 3/122 [seven-headed hydra (8)]
 19178 | Lair:2   | Mangled by a seven-headed hydra

Vault maps used:
D:1:      minmay_arrival_solitary_statue, minmay_misc_feat_nine_boxes
D:2:      kiku_gazebo_pond_becter, grunt_ministairs_6
D:3:      grunt_temple_overflow_open, uniq_sigmund, uniq_natasha
D:4:      uniq_grinder
D:5:      corexii_shack_village, nicolae_overflow_crystal_walls, first_bread
D:6:      wad_pebble_path
D:7:      lemuel_coloured_pillars_altar
D:8:      kennysheep_mini_moat
D:9:      hangedman_cross_stitches, serial_shops, kennysheep_mini
D:10:     grunt_livestock
D:11:     dpeg_oklobed_lair, grunt_ministairs_12
Temple:   compressed_dpeg_circular_temple
Lair:1:   basic_altar, uniq_fannar
Lair:2:   lab_entry_generic

Skill      XL: |  1  2  3  4  5  6  7  8  9 10 11 12 |
---------------+-------------------------------------+-----
Dodging        | 2 3 |  3.3
Fighting       | 3 4 5 6 8 |  8.8
Maces & Flails | 2 3 4 6 9 11 14 17 19 | 19.0
Armour         | 3 4 5 |  5.0
Throwing       | 5 6 |  6.2
Shields        | 7 |  7.3
Stealth        | |  0.7

Action                   |  1- 3 |  4- 6 |  7- 9 | 10-12 || total
-------------------------+-------+-------+-------+-------++-------
Melee: Short sword       |    34 |       |       |       ||    34
       Club              |   120 |    60 |       |       ||   180
       Flail             |       |   122 |    60 |       ||   182
       Giant club        |       |       |   240 |   511 ||   751
       Morningstar       |       |       |       |   109 ||   109
Throw: Large rock        |     5 |    15 |    12 |    12 ||    44
       Throwing net      |       |     6 |       |       ||     6
       Tomahawk          |       |       |     2 |     1 ||     3
       Javelin           |       |       |       |    47 ||    47
Invok: Berserk           |       |       |     1 |     6 ||     7
       Burn Spellbooks   |       |       |       |     3 ||     3
       Trog's Hand       |       |       |       |     5 ||     5
Evoke: Rod               |       |       |       |     3 ||     3
       Phantom mirror    |       |       |       |     1 ||     1
  Use: Potion            |       |     1 |     5 |     3 ||     9
       Scroll            |       |       |       |    30 ||    30
 Stab: Sleeping          |     1 |       |     2 |     2 ||     5
  Eat: Chunk             |     2 |     9 |    15 |    24 ||    50
       Beef jerky        |       |       |     2 |     2 ||     4
       Fruit             |       |       |     2 |     4 ||     6
       Pizza             |       |       |       |     6 ||     6
Armor: Robe              |    60 |    50 |    80 |   135 ||   325
Dodge: Dodged            |   111 |   101 |   142 |   242 ||   596
Block: Other             |       |     2 |    22 |    22 ||    46
       Reflection        |       |       |     1 |     1 ||     2
       Shield            |       |       |       |    88 ||    88
